 Dungeon Crawl Stone Soup version 0.22.1-2-g9c5b331383 (webtiles) character file.

731870 Peloso the Minotaur Barricade (level 27, 0/273 HPs)
             Began as a Minotaur Fighter on Dec 8, 2018.
             Was the Champion of Okawaru.
             Killed from afar by an orb of fire (25 damage)
             ... with a fireball
             ... on level 5 of the Realm of Zot on Dec 9, 2018.
             The game lasted 05:04:24 (101317 turns).

Peloso the Minotaur Barricade (Minotaur Fighter)  Turns: 101317, Time: 05:04:27

Health: 0/273      AC: 51    Str: 37    XL:     27
Magic:  30/30      EV: 16    Int:  5    God:    Okawaru [******]
Gold:   6148       SH: 17    Dex: 20    Spells: 28/28 levels left

rFire    + . .     SeeInvis +   b - +9 double sword (slice)
rCold    + + .     Gourm    .   V - +3 warlock's mirror {reflect}
rNeg     . . .     Faith    .   l - +12 gold dragon scales
rPois    +         Spirit   .   Z - +0 mask of the Dragon {MR+ Slay+3 SInv}
rElec    +         Reflect  +   H - +2 cloak {MR+}
rCorr    .         Harm     .   R - +2 pair of gloves {Str+3}
MR       ++++.     Rnd*Rage +   C - +2 pair of boots {Stlth+}
Stlth    ..........             Q - +2 amulet of reflection
HPRegen  0.55/turn              I - ring "Qinib" {rPois Dex+4}
MPRegen  0.22/turn              g - ring "Taocar" {rElec rC+ Str+2 Dex+4}

@: hasted, very quick
A: retaliatory headbutt, horns 2, berserk 1
}: 3/15 runes: decaying, serpentine, silver
a: Heroism, Finesse, Renounce Religion


You were on level 5 of the Realm of Zot.
You worshipped Okawaru.
Okawaru was exalted by your worship.
You were hungry.

You visited 11 branches of the dungeon, and saw 53 of its levels.
You visited 1 bazaar.
You also visited: Labyrinth, Trove, Bailey and Ice Cave.

You collected 11880 gold pieces.
You spent 5732 gold pieces at shops.

Inventory:

Hand Weapons
 a - a +4 demon blade of electrocution
 b - a +9 double sword of slicing (weapon)
 P - a +0 long sword of flaming
Armour
 c - the +7 plate armour "Somuheta" {Str+5 Stlth+}
   (You bought it in a shop on level 3 of the Vaults)

   It affects your strength (+5).
   It makes you more stealthy.
 e - the +2 hat of the Bear Spirit {Spirit, +Rage rN+ MR++}
   (You bought it in a shop on level 3 of the Vaults)

   It protects you from negative energy.
   It affects your resistance to hostile enchantments.
   It lets you go berserk.
 l - +12 gold dragon scales (worn)
 B - a +0 cloak of poison resistance
 C - a +2 pair of boots of stealth (worn)
 H - a +2 cloak of magic resistance (worn)
 R - a +2 pair of gloves of strength (worn)
 V - the +3 warlock's mirror (worn) {reflect}
   (You took it off a deep elf elementalist on level 3 of the Elven Halls)
 Z - the +0 mask of the Dragon (worn) {MR+ Slay+3 SInv}
   (You found it on level 3 of the Elven Halls)

   It affects your accuracy and damage with ranged weapons and melee attacks
   (+3).
   It affects your resistance to hostile enchantments.
   It lets you see invisible.
Jewellery
 g - the ring "Taocar" (right hand) {rElec rC+ Str+2 Dex+4}
   (You found it in a treasure trove)

   [ring of strength]

   It affects your strength (+2).
   It affects your dexterity (+4).
   It protects you from cold.
   It insulates you from electricity.
 h - a +5 ring of dexterity
 m - the ring "Umihono" {rF- rC+ Dex+2 Stlth+}
   (You acquired it on level 1 of the Realm of Zot)

   [ring of stealth]

   It affects your dexterity (+2).
   It makes you vulnerable to fire.
   It protects you from cold.
   It makes you more stealthy.
 q - an uncursed ring of resist corrosion
 E - the ring "Cememyize" {+Fly Dex+3}
   (You found it on level 5 of the Vaults)

   [ring of flight]

   It affects your dexterity (+3).
   It lets you fly.
 I - the ring "Qinib" (left hand) {rPois Dex+4}
   (You bought it in a shop in a bazaar)

   [ring of poison resistance]

   It affects your dexterity (+4).
   It protects you from poison.
 Q - a +2 amulet of reflection (around neck)
Wands
 x - a wand of random effects (26)
 z - a wand of flame (35)
 J - a wand of digging (40)
Scrolls
 d - a scroll of enchant weapon
 i - 10 scrolls of teleportation
 p - 27 scrolls of remove curse
 w - 4 scrolls of magic mapping
 y - 21 scrolls of identify
 A - a scroll of brand weapon
 N - 6 scrolls of blinking
Potions
 j - 10 potions of haste
 k - 8 potions of flight
 n - 8 potions of might
 o - 13 potions of curing
 r - a potion of ambrosia
 s - 4 potions of berserk rage
 u - 13 potions of agility
 v - 2 potions of invisibility
 D - 6 potions of mutation
 L - 2 potions of resistance
 S - 2 potions of heal wounds
Miscellaneous
 t - a lamp of fire
Comestibles
 f - 78 rations


   Skills:
 O Level 27 Fighting
   Level 3.3(17.6) Short Blades
 O Level 27 Long Blades
 + Level 1.7 Throwing
 O Level 27 Armour
 + Level 10.7 Dodging
 + Level 6.9 Stealth
 O Level 27 Shields
 + Level 2.0 Unarmed Combat
 + Level 1.1 Spellcasting
 + Level 11.6 Invocations
 + Level 5.8 Evocations


You had 28 spell levels left.
You didn't know any spells.
Your spell library contained the following spells:

 Spells                   Type           Power        Failure   Level  Hunger
 Animate Skeleton         Necr           N/A          88%         1    ##.....
 Apportation              Tloc           #.....       88%         1    ##.....
 Beastly Appendage        Tmut           #.....       88%         1    ##.....
 Confusing Touch          Hex            #.....       88%         1    ##.....
 Corona                   Hex            #......      88%         1    ##.....
 Flame Tongue             Conj/Fire      #....        88%         1    ##.....
 Magic Dart               Conj           #...         88%         1    ##.....
 Pain                     Necr           #...         88%         1    ##.....
 Sandblast                Erth           #.....       88%         1    ##.....
 Sting                    Conj/Pois      #...         88%         1    ##.....
 Summon Butterflies       Summ           #.......     88%         1    ##.....
 Summon Small Mammal      Summ           #...         88%         1    ##.....
 Blink                    Tloc           N/A          96%         2    ###....
 Call Imp                 Summ           #.......     96%         2    ###....
 Corpse Rot               Necr           N/A          96%         2    ###....
 Ensorcelled Hibernation  Hex/Ice        #.....       96%         2    ###....
 Passwall                 Tmut/Erth      #.......     96%         2    ###....
 Poisonous Vapours        Pois/Air       #.....       96%         2    ###....
 Searing Ray              Conj           #.....       96%         2    ###....
 Shroud of Golubria       Chrm/Tloc      #.........   96%         2    ###....
 Slow                     Hex            #.......     96%         2    ###....
 Sticks to Snakes         Tmut           #.......     96%         2    ###....
 Sublimation of Blood     Necr           #.........   96%         2    ###....
 Throw Flame              Conj/Fire      #.....       96%         2    ###....
 Call Canine Familiar     Summ           #.......     99%         3    ####...
 Confuse                  Hex            #.......     99%         3    ####...
 Conjure Flame            Conj/Fire      #.......     99%         3    ####...
 Dazzling Spray           Conj/Hex       #.....       99%         3    ####...
 Gell's Gravitas          Tloc           #.........   99%         3    ####...
 Ignite Poison            Fire/Tmut/Pois #.......     99%         3    ####...
 Inner Flame              Hex/Fire       #.......     99%         3    ####...
 Mephitic Cloud           Conj/Pois/Air  #.......     99%         3    ####...
 Portal Projectile        Hex/Tloc       #.....       99%         3    ####...
 Regeneration             Chrm/Necr      #.........   99%         3    ####...
 Spectral Weapon          Hex/Chrm       #.......     99%         3    ####...
 Spider Form              Tmut/Pois      #.........   99%         3    ####...
 Static Discharge         Conj/Air       #.......     99%         3    ####...
 Stone Arrow              Conj/Erth      #.....       99%         3    ####...
 Summon Guardian Golem    Hex/Summ       #.......     99%         3    ####...
 Tukima's Dance           Hex            #.......     99%         3    ####...
 Vampiric Draining        Necr           #.........   99%         3    ####...
 Animate Dead             Necr           N/A          100%        4    #####..
 Cause Fear               Hex            #.........   100%        4    #####..
 Force Lance              Conj/Tloc      #.......     100%        4    #####..
 Fulminant Prism          Conj/Hex       #.........   100%        4    #####..
 Ice Form                 Ice/Tmut       #.......     100%        4    #####..
 Iskenderun's Mystic Bla  Conj           #.......     100%        4    #####..
 Leda's Liquefaction      Hex/Erth       #.........   100%        4    #####..
 Olgreb's Toxic Radiance  Pois           #.......     100%        4    #####..
 Passage of Golubria      Tloc           N/A          100%        4    #####..
 Petrify                  Tmut/Erth      #.......     100%        4    #####..
 Sticky Flame             Conj/Fire      #.......     100%        4    #####..
 Summon Ice Beast         Ice/Summ       #.......     100%        4    #####..
 Summon Lightning Spire   Summ/Air       #.......     100%        4    #####..
 Alistair's Intoxication  Tmut/Pois      #.......     100%        5    ######.
 Blade Hands              Tmut           #.........   100%        5    ######.
 Bolt of Magma            Conj/Fire/Erth #.........   100%        5    ######.
 Fireball                 Conj/Fire      #.........   100%        5    ######.
 Irradiate                Conj/Tmut      #.........   100%        5    ######.
 Iskenderun's Battlesphe  Conj/Chrm      #.......     100%        5    ######.
 Lee's Rapid Deconstruct  Erth           #.........   100%        5    ######.
 Lightning Bolt           Conj/Air       #.........   100%        5    ######.
 Metabolic Englaciation   Hex/Ice        #.........   100%        5    ######.
 Silence                  Hex/Air        #.........   100%        5    ######.
 Summon Forest            Summ/Tloc      #.........   100%        5    ######.
 Summon Mana Viper        Hex/Summ       #.......     100%        5    ######.
 Venom Bolt               Conj/Pois      #.........   100%        5    ######.
 Yara's Violent Unravell  Hex/Tmut       #.........   100%        5    ######.
 Bolt of Fire             Conj/Fire      #.........   100%        6    #######
 Conjure Ball Lightning   Conj/Air       #.........   100%        6    #######
 Deflect Missiles         Chrm/Air       #.........   100%        6    #######
 Dispersal                Tloc           #.........   100%        6    #######
 Freezing Cloud           Conj/Ice/Air   #.........   100%        6    #######
 Hydra Form               Tmut           #.........   100%        6    #######
 Iron Shot                Conj/Erth      #.........   100%        6    #######
 Statue Form              Tmut/Erth      #........    100%        6    #######
 Dragon Form              Tmut           #.........   100%        7    #######
 Orb of Destruction       Conj           #.........   100%        7    #######
 Ring of Flames           Chrm/Fire      #.........   100%        7    #######
 Spellforged Servitor     Conj/Summ      #.........   100%        7    #######
 Summon Hydra             Summ           #.........   100%        7    #######
 Controlled Blink         Tloc           N/A          100%        8    #######
 Discord                  Hex            #.........   100%        8    #######
 Disjunction              Tloc           #.........   100%        8    #######
 Ignition                 Fire           #.........   100%        8    #######
 Dragon's Call            Summ           #.........   100%        9    #######
 Shatter                  Erth           #.........   100%        9    #######
 Tornado                  Air            #.........   100%        9    #######


Dungeon Overview and Level Annotations

Branches:
Dungeon (15/15)            Temple (1/1) D:5            Lair (6/6) D:10
  Swamp (4/4) Lair:2        Snake (4/4) Lair:4        Slime (0/5) Lair:6
    Orc (2/2) D:10            Elf (3/3) Orc:2        Vaults (5/5) D:13
  Crypt (3/3) Vaults:3       Tomb (0/3) Crypt:3      Depths (5/5) D:15
    Zot (5/5) Depths:5

Altars:
Ashenzari
Cheibriados
Dithmenos
Fedhas
Kikubaaqudgha
Okawaru
Qazlal
Ru
Sif Muna
Uskayaw
Vehumet
Wu Jian
Xom
Yredelemnul
Beogh
Lugonu

Shops:
D:7 [   D:14 *   Orc:2 [*!((   Elf:1 :   Elf:2 %*!:*   Snake:1 *   Snake:2 }
Snake:4 *   Vaults:3 %[[[!:   Vaults:5 *   Depths:1 =}}

Portals:
Hell: Depths:1 Depths:2 Depths:3 Depths:4 Depths:5
Abyss: Depths:3 Depths:4
Pandemonium: Depths:2 Depths:3 Depths:4
Ziggurat: Depths:1

Annotations:
D:14 1 runed door, Susol's ghost, journeyman BaHu
Lair:6 1 runed door, Delarado's ghost, journeyman DEFE
Snake:2 1 runed door, krautrogue's ghost, adept MiBe
Elf:1 1 runed door


Innate Abilities, Weirdness & Mutations

You reflexively headbutt those who attack you in melee.
You have a pair of horns on your head.
You tend to lose your temper in combat.


Message History

You hear a shout!
The orb of fire glows bright magenta.
The bolt of fire misses you.
The orb of fire glows red.
The bolt of fire misses the orb of fire.
The bolt of fire misses you.
Your blink will be uncontrolled - continue anyway?
Okay, then.
You feel yourself speed up.
You hear a distant blaring wail to the northeast.
The orb of fire emits a lurid red light.
Your +3 warlock's mirror {reflect} reflects the bolt of fire!
The bolt of fire hits the orb of fire.
The orb of fire completely resists.
The orb of fire emits a lurid red light.
The bolt of fire hits the orb of fire.
The orb of fire completely resists.
The bolt of fire hits you! You resist.
* * * LOW HITPOINT WARNING * * *
The orb of fire glows red.
The fireball explodes!
The fireball engulfs you! You resist.
You die...

,,*** ***,,,,,,,,,,,, ***
****,,,,,,,,, **** #▓▓▓▓▓#▓▓▓▓▓##
,,,*** ###..d..Xd.q.... *,,,,**
##..**##...q...).
***,,,*##########...###.....^....
,***,,.............###........^.^
,* **.........[...## #...........
,* *...^.......@.# #...........
,* *#...........## #...........
,* #...........# #........... ,*
##...........## #........... **
#.............# **,,,,,,,,,, *
*#.............## **,,,,,,,,,
*...............# **,,,,,,,,
▓▓▓########.########▓▓▓▓#########
..#..............................


You could see 2 orbs of fire and a green draconian.

Vanquished Creatures
  2 orbs of fire
  2 juggernauts
  the Lernaean hydra (Swamp:4)
  Margery (Crypt:3)
  Xtahua (Depths:3)
  A caustic shrike (Depths:4)
  3 curse toes
  2 Killer Klowns
  18 golden dragons
  2 profane servitors (Crypt:3)
  A bone dragon (Crypt:3)
  2 electric golems
  The ghost of Jerry the Spry, an adept MfFi of Gozag (Depths:2)
  2 Tzitzimimeh (Depths:2)
  Rupert (D:12)
  23 tentacled monstrosities
  8 liches
  9 quicksilver dragons
  9 titans
  2 deep elf blademasters (Elf:3)
  6 Orb Guardians (Zot:5)
  6 death cobs
  A deep elf master archer (Elf:3)
  2 ancient champions (Crypt:2)
  Frances (D:14)
  2 thorn hunters
  15 shadow dragons
  6 sphinxes
  Roxanne (Snake:3)
  10 nagarajas
  10 tengu reavers
  10 storm dragons
  7 fire giants
  5 draconian monks
  2 frost giants
  7 draconian scorchers
  An iron dragon (Depths:4)
  4 deep elf sorcerers
  5 ghost moths
  3 draconian knights
  A balrug (Depths:4)
  3 curse skulls
  10 ghouls
  14 vault wardens
  13 draconian shifters
  7 deep elf elementalists (Elf:3)
  An orc warlord (Bailey)
  20 stone giants
  13 ironheart preservers
  9 draconian annihilators
  4 draconian stormcallers
  3 war gargoyles (Vaults:5)
  30 very ugly things
  An entropy weaver (Vaults:1)
  5 spriggan defenders
  A reaper (Crypt:2)
  12 deep elf demonologists
  17 green draconians
  2 vampire knights
  13 black draconians
  10 white draconians
  4 deep elf annihilators
  4 spark wasps (Depths:2)
  10 red draconians
  10 purple draconians
  13 yellow draconians
  A minotaur (Lab)
  11 ettins
  5 eidola
  A blizzard demon (Depths:2)
  A crystal guardian (Vaults:5)
  11 deep elf death magi
  A mummy priest (Crypt:3)
  5 deep elf high priests
  5 fire dragons
  Josephine (Snake:1)
  16 ogre magi
  4 jiangshi
  A merfolk javelineer (Depths:2)
  11 yaktaur captains
  A quicksilver dragon zombie (Crypt:3)
  6 great orbs of eyes
  18 naga warriors
  22 hydras
  32 vault guards
  9 rakshasas
  Fannar (D:12)
  14 ice dragons
  2 ghost crabs (Swamp:4)
  33 two-headed ogres
  3 spriggan air magi
  10 death yaks
  4 death knights
  11 anacondas
  15 alligators
  8 centaur warriors
  52 dancing weapons
  12 deep troll earth magi
  10 deep troll shamans
  8 tengu warriors
  2 vampire magi
  3 orc high priests
  14 naga sharpshooters
  2 soul eaters
  8 spriggan berserkers
  8 shock serpents
  24 deep elf knights
  A sun demon (Depths:4)
  12 hell knights
  Sonja (Lair:4)
  5 iron trolls
  A fire crab (shapeshifter) (Vaults:3)
  A fire crab (Lair:3)
  3 salamander mystics
  A ghost moth zombie (Crypt:3)
  21 skeletal warriors
  8 sea snakes (Snake:4)
  A glowing orange brain (shapeshifter) (Vaults:4)
  A gelid demonspawn (Depths:2)
  6 unseen horrors
  35 deep trolls
  2 orange crystal statues
  11 flayed ghosts
  6 naga ritualists
  2 glowing orange brains
  27 ironbrand convokers
  7 wizards
  26 phantasmal warriors
  15 swamp dragons
  3 shambling mangroves (Swamp:3)
  23 deep elf archers
  4 orb spiders (Zot:1)
  2 wolf spider zombies
  An obsidian statue (Zot:2)
  7 mana vipers
  10 necromancers
  100 deep elf magi
  A shadow dragon zombie (Vaults:4)
  An anaconda skeleton (Crypt:1)
  A harpy (shapeshifter) (Vaults:1)
  A tengu skeleton (Vaults:4)
  14 orc sorcerers
  6 cyclopes
  A fire giant zombie (Depths:1)
  13 orc knights
  3 wolf spiders
  9 salamanders
  2 mana vipers (shapeshifter)
  A manticore (D:11)
  4 oklob plants (Lair:5)
  2 frost giant zombies
  48 ugly things
  2 stone giant zombies (Crypt:3)
  A salamander (shapeshifter) (Vaults:2)
  10 elephants
  21 moths of wrath
  A guardian serpent (shapeshifter) (Vaults:2)
  4 guardian serpents
  33 black mambas
  16 vault sentinels
  A titan simulacrum (Depths:1)
  26 naga magi
  An iron dragon skeleton (Crypt:1)
  15 spiny frogs
  An ice statue (IceCv)
  2 gargoyles
  5 spectral swamp worms (Depths:1)
  A spiny frog (shapeshifter) (Elf:1)
  A torpor snail (Lair:6)
  A yaktaur zombie (Vaults:4)
  A rime drake (Lair:4)
  An orange demon (Depths:2)
  26 yaktaurs
  6 komodo dragons
  An emperor scorpion zombie (Crypt:3)
  A kobold demonologist (D:15)
  A hydra zombie (Crypt:1)
  3 tengu conjurers
  24 freezing wraiths
  A guardian mummy (Crypt:3)
  A hellwing (Depths:2)
  A queen bee (shapeshifter) (Vaults:2)
  8 trolls
  A red devil (Depths:4)
  A meliai (shapeshifter) (Depths:4)
  45 slime creatures
  A merfolk (shapeshifter) (Vaults:3)
  4 polar bears
  35 hornets
  A shadow dragon simulacrum (Vaults:4)
  3 jumping spiders
  2 tengu simulacra
  19 tyrant leeches
  17 bog bodies
  2 blink frogs (shapeshifter)
  An ettin zombie (Depths:1)
  7 dream sheep
  5 human simulacra
  A snapping turtle (shapeshifter) (Depths:1)
  10 hippogriffs
  An ice dragon zombie (Crypt:3)
  A black mamba zombie (Crypt:2)
  2 fire dragon zombies (Crypt:3)
  2 fire giant simulacra
  An ice dragon skeleton (Crypt:1)
  7 redbacks
  2 spriggans (shapeshifter)
  11 yaks
  A vampire (D:13)
  3 shadows
  5 flying skulls (Crypt:1)
  33 spriggans
  5 water elementals
  A tarantella (Zot:1)
  3 hogs (shapeshifter)
  7 fire elementals
  7 wyverns
  6 basilisks
  3 hungry ghosts
  An ushabti (Crypt:3)
  12 wraiths
  A ynoxinul (Depths:4)
  A death yak simulacrum (IceCv)
  2 chaos spawn (Depths:3)
  A steam dragon (D:15)
  11 insubstantial wisps
  10 wargs
  22 vampire mosquitoes
  7 large abominations (Depths:3)
  A warg (shapeshifter) (Depths:1)
  A soldier ant (D:8)
  3 small abominations (Depths:3)
  60 nagas
  16 swamp worms
  An acid dragon (D:13)
  20 water moccasins
  9 porcupines
  A snapping turtle zombie (Crypt:3)
  16 swamp drakes
  10 ice beasts
  49 orc warriors
  6 sky beasts
  5 black bears
  A meliai simulacrum (D:15)
  3 eyes of draining
  35 ogres
  32 wolves
  An ogre (shapeshifter) (Vaults:5)
  17 necrophages
  7 phantoms
  13 centaurs
  15 boggarts
  A swamp dragon skeleton (Crypt:2)
  9 big kobolds
  7 crocodiles
  A hippogriff zombie (Crypt:1)
  20 bullfrogs
  An elf zombie (Crypt:3)
  Blork the orc (D:4)
  A wyvern zombie (D:10)
  A gnoll sergeant (D:10)
  9 earth elementals
  An elf simulacrum (Vaults:1)
  5 wyvern skeletons (Crypt:3)
  3 scorpions
  A queen bee zombie (Crypt:1)
  A raiju zombie (Crypt:1)
  A polar bear skeleton (Crypt:2)
  16 wights
  2 howler monkeys
  8 crimson imps
  A troll skeleton (Crypt:1)
  7 jellies
  3 draconian simulacra (IceCv)
  5 centaur zombies
  5 hounds
  A quasit (D:9)
  A bullfrog zombie (D:9)
  6 centaur skeletons
  44 orc wizards
  3 bullfrog skeletons
  25 orc priests
  Ijyb (D:4)
  Natasha (thrice) (D:4)
  3 iguanas
  10 worker ants
  A hell rat (D:10)
  A polar bear simulacrum (IceCv)
  2 wolf simulacra (IceCv)
  3 troll simulacra (IceCv)
  A big kobold zombie (Crypt:2)
  8 centaur simulacra
  A deep dwarf zombie (Crypt:2)
  A naga zombie (Crypt:1)
  A hound zombie (D:8)
  2 hound skeletons
  A mummy (Crypt:3)
  A worker ant zombie (D:8)
  16 gnolls
  19 adders
  5 naga simulacra (IceCv)
  2 river rats (D:10)
  5 ogre simulacra
  5 shadow imps
  12 white imps (IceCv)
  An ooze (Lair:6)
  3 adder skeletons
  3 worms
  A leopard gecko (D:4)
  135 orcs
  3 giant cockroaches
  24 goblins
  21 hobgoblins
  13 jackals
  19 kobolds
  6 quokkas
  3 ball pythons
  2 bats
  3 frilled lizards
  A giant cockroach zombie (D:6)
  A quokka zombie (D:6)
  6 rats
  A briar patch (Swamp:4)
  A bush (Lair:1)
  2 fungi (Lair:1)
  3 plants
  A withered plant (Crypt:3)
2691 creatures vanquished.

Vanquished Creatures (others)
  A deep elf master archer (Elf:3)
  A deep elf sorcerer (Vaults:5)
  A deep elf demonologist (Elf:3)
  A yaktaur captain (Vaults:5)
  A centaur warrior (Vaults:3)
  A dancing weapon (Elf:2)
  3 naga sharpshooters
  4 deep elf archers
  2 deep elf magi (Elf:3)
  2 black mambas
  A centaur skeleton (D:15)
  9 yaktaurs
  A hornet (Swamp:3)
  2 nagas
  A boggart (Depths:2)
  8 centaurs
  2 orc wizards
  2 orcs
  37 fungi
  11 plants
  9 withered plants
100 creatures vanquished.

Grand Total: 2791 creatures vanquished

Notes
Turn   | Place    | Note
-------+----------+-------------------------------------------
     0 | D:1      | Peloso the Minotaur Fighter began the quest for the Orb.
     0 | D:1      | Reached XP level 1. HP: 19/19 MP: 0/0
   574 | D:1      | Reached XP level 2. HP: 26/27 MP: 1/1
  1290 | D:2      | Reached XP level 3. HP: 27/34 MP: 2/2
  1990 | D:3      | Reached XP level 4. HP: 6/41 MP: 3/3
  2754 | D:4      | Found a deep blue altar of Sif Muna.
  3093 | D:4      | Reached skill level 5 in Armour
  3093 | D:4      | Reached XP level 5. HP: 41/47 MP: 4/4
  3131 | D:4      | Noticed Ijyb
  3131 | D:4      | Noticed an ogre
  3149 | D:4      | Killed an ogre
  3154 | D:4      | Killed Ijyb
  3177 | D:4      | Reached XP level 6. HP: 17/55 MP: 3/5
  3503 | D:4      | Reached skill level 5 in Fighting
  3581 | D:4      | Noticed Natasha
  3584 | D:4      | Killed Natasha
  3632 | D:4      | Noticed Natasha
  3641 | D:4      | Killed Natasha
  3641 | D:4      | Reached skill level 5 in Shields
  3653 | D:4      | Noticed Blork the orc
  3667 | D:4      | Killed Blork the orc
  3976 | D:4      | Noticed Natasha
  3983 | D:4      | Killed Natasha
  4207 | D:5      | Entered Level 5 of the Dungeon
  4337 | D:5      | Found a staircase to the Ecumenical Temple.
  4346 | Temple   | Entered the Ecumenical Temple
  4362 | Temple   | Became a worshipper of Warmaster Okawaru
  4545 | D:5      | Reached skill level 1 in Dodging
  4581 | D:5      | Reached XP level 7. HP: 61/61 MP: 6/6
  4648 | D:5      | Reached skill level 5 in Long Blades
  4945 | D:5      | Reached skill level 1 in Stealth
  5114 | D:6      | Reached * piety under Okawaru
  5290 | D:6      | Reached XP level 8. HP: 46/68 MP: 5/7
  5310 | D:6      | Reached ** piety under Okawaru
  5672 | D:7      | Found a flagged portal.
  5709 | Bailey   | Entered a bailey
  5860 | Bailey   | Noticed an orc knight
  5934 | Bailey   | Killed an orc knight
  5934 | Bailey   | Reached XP level 9. HP: 25/78 MP: 1/8
  5945 | Bailey   | Reached *** piety under Okawaru
  5945 | Bailey   | Reached skill level 1 in Invocations
  6291 | Bailey   | Noticed an orc warlord
  6394 | Bailey   | Killed an orc warlord
  6394 | Bailey   | Reached **** piety under Okawaru
  6394 | Bailey   | Reached skill level 10 in Long Blades
  6472 | Bailey   | Noticed an orc knight
  6496 | Bailey   | Killed an orc knight
  6496 | Bailey   | Reached XP level 10. HP: 66/88 MP: 7/10
  7129 | D:7      | Found Ejideadgh's Antique Armour Shop.
  7940 | D:8      | Found an ornate altar of the Wu Jian Council.
  8055 | D:8      | Got a slimy ivory ring
  8405 | D:8      | Reached ***** piety under Okawaru
  8435 | D:8      | Identified the ring "Vudula" {MR+ Stlth+} (You found it on
                  | level 8 of the Dungeon)
  8476 | D:8      | Reached skill level 10 in Shields
  8546 | D:8      | Noticed a two-headed ogre
  8555 | D:8      | Killed a two-headed ogre
  8579 | D:8      | Paralysed by a hornet for 3 turns
  8589 | D:8      | Received a gift from Okawaru
  9340 | D:9      | Reached XP level 11. HP: 95/95 MP: 11/11
 10306 | D:10     | Entered Level 10 of the Dungeon
 10728 | D:10     | Noticed a two-headed ogre
 10735 | D:10     | Killed a two-headed ogre
 10767 | D:10     | Found a sacrificial altar of Ru.
 10882 | D:10     | Reached skill level 10 in Armour
 10936 | D:10     | Found a staircase to the Orcish Mines.
 10960 | D:10     | Noticed a death yak
 10961 | D:10     | Found a staircase to the Lair.
 10973 | D:10     | Killed a death yak
 10976 | D:10     | Noticed a death yak
 10978 | D:10     | Noticed a death yak
 10990 | D:10     | Killed a death yak
 11017 | D:10     | Killed a death yak
 11595 | D:11     | Killed an unseen horror
 11595 | D:11     | Received a gift from Okawaru
 11625 | D:11     | Killed an unseen horror
 11625 | D:11     | Reached ****** piety under Okawaru
 11634 | D:11     | Got a translucent lajatang {god gift}
 11641 | D:11     | Identified a scroll of acquirement
 11890 | D:11     | Reached XP level 12. HP: 106/106 MP: 12/12
 12444 | D:12     | Reached skill level 10 in Fighting
 12623 | D:12     | Noticed a two-headed ogre
 12631 | D:12     | Killed a two-headed ogre
 12631 | D:12     | Received a gift from Okawaru
 12702 | D:12     | Noticed Rupert
 12725 | D:12     | Killed Rupert
 13313 | D:12     | Found a corrupted altar of Lugonu.
 13315 | D:12     | Noticed Fannar
 13328 | D:12     | Killed Fannar
 13534 | D:12     | Identified the +3 lajatang of Mourning {speed, rPois MR+
                  | Str+3} (Okawaru gifted it to you on level 11 of the
                  | Dungeon)
 13612 | Lair:1   | Entered Level 1 of the Lair of Beasts
 13686 | Lair:1   | Found a labyrinth entrance.
 13702 | Lab      | Entered a labyrinth
 14145 | Lab      | Noticed a minotaur
 14155 | Lab      | Killed a minotaur
 14641 | Lair:2   | Noticed an eight-headed hydra
 14757 | Lair:1   | Reached skill level 1 in Evocations
 15143 | D:13     | Identified the Almanac of Sand
 15154 | D:13     | Identified the Papyrus of Axaxaxas mlö
 15176 | D:13     | Received a gift from Okawaru
 15187 | D:13     | Identified Plog's Grimoire of Combed Thunderclap
 15215 | D:13     | Noticed a centaur warrior
 15218 | D:13     | Noticed a two-headed ogre
 15218 | D:13     | Noticed a centaur warrior
 15219 | D:13     | Noticed a two-headed ogre
 15224 | D:13     | Killed a centaur warrior
 15224 | D:13     | Reached XP level 13. HP: 86/115 MP: 14/14
 15747 | D:13     | Found a gate to the Vaults.
 15855 | D:13     | Found a portal to a secret trove of treasure.
 16211 | D:14     | Found Yptuyzyg's Pet Rocks.
 16325 | D:14     | Found a runed door.
 16335 | D:14     | Noticed Susol's ghost (journeyman BaHu)
 16457 | D:14     | Noticed Frances
 16464 | D:14     | Killed Frances
 16522 | D:14     | Reached skill level 15 in Shields
 16921 | D:14     | Found a shadowy altar of Dithmenos.
 17692 | Orc:1    | Entered Level 1 of the Orcish Mines
 17731 | Orc:1    | Found a frozen archway.
 17742 | IceCv    | Entered an ice cave
 18224 | IceCv    | Found an ancient bone altar of Kikubaaqudgha.
 19260 | Orc:1    | Received a gift from Okawaru
 19355 | Orc:1    | Reached skill level 15 in Long Blades
 19792 | Orc:1    | Reached XP level 14. HP: 93/126 MP: 15/15
 20055 | Orc:1    | Found a roughly hewn altar of Beogh.
 20504 | Orc:2    | Entered Level 2 of the Orcish Mines
 20659 | Orc:2    | Found Tiamuif's Antique Weapon Emporium.
 20659 | Orc:2    | Found Exosed's Antique Weapon Boutique.
 21362 | Orc:2    | Bought a scorched falchion for 248 gold pieces
 21362 | Orc:2    | Identified the +1 falchion of the Big Bang {protect, Str+2}
                  | (You bought it in a shop on level 2 of the Orcish Mines)
 21425 | Orc:2    | Found a roughly hewn altar of Beogh.
 21433 | Orc:2    | Found Cepheono's Distillery.
 21433 | Orc:2    | Found Fos Quag's Assorted Antiques.
 21506 | Orc:2    | Bought a potion of heal wounds for 80 gold pieces
 21506 | Orc:2    | Bought a potion of heal wounds for 80 gold pieces
 21506 | Orc:2    | Bought a potion of might for 64 gold pieces
 21594 | Orc:2    | Found a staircase to the Elven Halls.
 21668 | Orc:2    | Found Bymim's Armour Shop.
 22350 | Lair:2   | Found a staircase to the Swamp.
 22817 | Lair:3   | Received a gift from Okawaru
 22822 | Lair:3   | Got a twisted demon trident {god gift}
 22823 | Lair:3   | Identified the +2 demon trident of Suicidal Tendencies
                  | {venom, Fragile rPois rF+} (Okawaru gifted it to you on
                  | level 3 of the Lair of Beasts)
 22878 | Lair:3   | Reached skill level 1 in Short Blades
 23715 | Lair:4   | Found a staircase to the Snake Pit.
 24010 | Lair:4   | Noticed Sonja
 24012 | Lair:4   | Killed Sonja
 24012 | Lair:4   | Received a gift from Okawaru
 24020 | Lair:4   | Got a crude great sword {god gift}
 24021 | Lair:4   | Identified the +3 great sword of Wemiedom {flame, rF+ Dex+4
                  | SInv} (Okawaru gifted it to you on level 4 of the Lair of
                  | Beasts)
 25239 | Lair:5   | Received a gift from Okawaru
 25796 | Lair:6   | Entered Level 6 of the Lair of Beasts
 25909 | Lair:6   | Reached XP level 15. HP: 66/135 MP: 16/16
 26304 | Lair:6   | Got a glittering pewter ring
 26305 | Lair:6   | Identified the ring "Caeceuq" {Ice rElec} (You found it on
                  | level 6 of the Lair of Beasts)
 26315 | Lair:6   | Got a dazzling scale mail
 26326 | Lair:6   | Identified the +5 scale mail "Xakot" {Dex+2} (You found it
                  | on level 6 of the Lair of Beasts)
 26843 | Lair:6   | Found a staircase to the Slime Pits.
 27238 | Lair:6   | Found a runed door.
 27238 | Lair:6   | Found a shimmering altar of Xom.
 27238 | Lair:6   | Noticed Delarado's ghost (journeyman DEFE)
 28037 | D:13     | Received a gift from Okawaru
 28046 | D:13     | Identified the Disquisition on the Mutagenic Mountains
 28055 | D:13     | Got a brightly glowing morningstar
 28056 | D:13     | Identified the +2 morningstar of Linearity {crush, +Inv
                  | rElec rF- rC-} (You found it on level 13 of the Dungeon)
 28170 | D:15     | Entered Level 15 of the Dungeon
 29659 | D:15     | Found a staircase to the Depths.
 29927 | Swamp:1  | Entered Level 1 of the Swamp
 30278 | Swamp:1  | Received a gift from Okawaru
 30586 | Swamp:1  | Reached XP level 16. HP: 145/146 MP: 17/17
 31626 | Snake:1  | Entered Level 1 of the Snake Pit
 31969 | Snake:1  | Found Lyli's General Store.
 31977 | Snake:1  | Bought a potion of heal wounds for 80 gold pieces
 32294 | Snake:1  | Noticed Josephine
 32304 | Snake:1  | Killed Josephine
 33187 | Elf:1    | Entered Level 1 of the Elven Halls
 33389 | Elf:1    | Found a runed door.
 33555 | Elf:1    | Reached skill level 5 in Dodging
 33559 | Elf:1    | Received a gift from Okawaru
 34186 | Elf:1    | Reached skill level 15 in Armour
 34688 | Elf:1    | Got an iridescent rapier {flame}
 34824 | Elf:1    | Received a gift from Okawaru
 34830 | Elf:1    | Reached skill level 15 in Fighting
 35005 | Elf:1    | Got a heavily runed scale mail {god gift}
 35011 | Elf:1    | Identified the +8 rapier of Raax {flame, rElec rF+} (You
                  | took it off a deep elf mage on level 1 of the Elven Halls)
 35366 | Lair:1   | Identified the +4 scale mail of Seqoimeo {+Blink Str-5
                  | SInv} (Okawaru gifted it to you on level 1 of the Elven
                  | Halls)
 35649 | Elf:1    | Reached XP level 17. HP: 70/156 MP: 18/18
 36593 | Elf:1    | Got a transparent hand crossbow
 37259 | Elf:1    | Noticed a Hell Sentinel
 37989 | Elf:1    | Found Ahus's Book Boutique.
 38449 | Elf:1    | Received a gift from Okawaru
 39137 | Elf:1    | Identified the +6 hand crossbow of Pustri {freeze, *Contam
                  | rF+ Str+3} (You found it on level 1 of the Elven Halls)
 41110 | Swamp:3  | Received a gift from Okawaru
 41113 | Swamp:3  | Got a scorched ring mail {god gift}
 42125 | Swamp:4  | Entered Level 4 of the Swamp
 43085 | Swamp:3  | Reached XP level 18. HP: 113/166 MP: 19/19
 45757 | Swamp:4  | Received a gift from Okawaru
 45866 | Swamp:4  | Noticed the 27-headed Lernaean hydra
 45887 | Swamp:4  | Killed the 19-headed Lernaean hydra
 45891 | Swamp:4  | Got a decaying rune of Zot
 47083 | Snake:2  | Found a runed door.
 47083 | Snake:2  | Noticed krautrogue's ghost (adept MiBe)
 47123 | Snake:2  | Found Fodu's Gadget Shoppe.
 48541 | Snake:2  | Received a gift from Okawaru
 49996 | Snake:3  | Noticed Roxanne
 51068 | Snake:3  | Killed Roxanne
 51095 | Snake:3  | Reached XP level 19. HP: 169/177 MP: 21/21
 51117 | Snake:4  | Entered Level 4 of the Snake Pit
 51134 | Snake:4  | Found Ceezops's Assorted Antiques.
 53930 | Snake:4  | Received a gift from Okawaru
 54582 | Snake:4  | Got a serpentine rune of Zot
 55041 | Vaults:1 | Entered Level 1 of the Vaults
 55347 | Vaults:1 | Noticed a Tzitzimitl
 56780 | Vaults:1 | Received a gift from Okawaru
 56961 | Vaults:1 | Reached skill level 5 in Stealth
 56961 | Vaults:1 | Reached XP level 20. HP: 144/187 MP: 22/22
 59442 | Vaults:2 | Received a gift from Okawaru
 60409 | Vaults:3 | Found Qeuge's Antique Armour Shop.
 60417 | Vaults:3 | Found Hedeaj's Armour Emporium.
 60433 | Vaults:3 | Bought the +7 plate armour "Somuheta" {Str+5 Stlth+} for
                  | 1409 gold pieces
 60538 | Vaults:3 | Found Gushopt's Food Shop.
 62471 | Vaults:3 | Reached XP level 21. HP: 195/195 MP: 23/23
 62746 | Vaults:3 | Found Tosoul's Book Emporium.
 62746 | Vaults:3 | Found Poheb's Distillery.
 62764 | Vaults:3 | Found Seul's Antique Armour Emporium.
 62769 | Vaults:3 | Bought a potion of heal wounds for 50 gold pieces
 62769 | Vaults:3 | Bought a potion of mutation for 80 gold pieces
 62769 | Vaults:3 | Bought a potion of curing for 30 gold pieces
 62769 | Vaults:3 | Bought a potion of curing for 30 gold pieces
 62769 | Vaults:3 | Bought a potion of haste for 100 gold pieces
 62769 | Vaults:3 | Bought a potion of haste for 100 gold pieces
 62786 | Vaults:3 | Bought the +2 hat of the Bear Spirit {Spirit, +Rage rN+
                  | MR++} for 1524 gold pieces
 62786 | Vaults:3 | Found the +2 hat of the Bear Spirit {Spirit, +Rage rN+
                  | MR++}
 62883 | Vaults:3 | Found a staircase to the Crypt.
 62883 | Vaults:3 | Found an ancient bone altar of Kikubaaqudgha.
 62884 | Vaults:3 | Found a basalt altar of Yredelemnul.
 63531 | Elf:2    | Found Wamn's Food Shoppe.
 63576 | Elf:2    | Found Mushre's Book Shoppe.
 63694 | Elf:2    | Found a runed gate.
 63694 | Elf:2    | Found a runed gate.
 63694 | Elf:2    | Found a runed gate.
 63763 | Elf:2    | Found Mafoid's Assorted Antiques.
 63767 | Elf:2    | Found Koppuest's Distillery.
 63850 | Elf:2    | Bought a scroll of blinking for 300 gold pieces
 63860 | Elf:2    | Bought a potion of curing for 51 gold pieces
 63860 | Elf:2    | Bought a potion of curing for 51 gold pieces
 64005 | Elf:2    | Found Qutt's Assorted Antiques.
 64047 | Elf:2    | Received a gift from Okawaru
 64940 | Elf:3    | Entered Level 3 of the Elven Halls
 64992 | Elf:3    | Found a flickering gateway to a bazaar.
 64999 | Bazaar   | Entered a bazaar
 65007 | Bazaar   | Found Gupixouq's Book Shop.
 65040 | Bazaar   | Found Teydan Naosu's Jewellery Shop.
 65048 | Bazaar   | Bought the ring "Qinib" {rPois Dex+4} for 424 gold pieces
 65048 | Bazaar   | Bought the amulet of the Air {Inacc +Fly rElec EV+5 RMsl}
                  | for 571 gold pieces
 65048 | Bazaar   | Found the amulet of the Air {Inacc +Fly rElec EV+5 RMsl}
 65443 | Elf:3    | Reached skill level 27 in Shields
 66738 | Elf:3    | Received a gift from Okawaru
 67525 | Elf:3    | Found the +0 mask of the Dragon {MR+ Slay+3 SInv}
 68251 | Elf:3    | Got a steaming silver ring
 68593 | Elf:3    | Identified Kuxemur's Disquisition on the Mountains and
                  | Poison
 68784 | Elf:3    | Identified the ring of Gawaigupi {*Tele rN+} (You took it
                  | off a deep elf death mage on level 3 of the Elven Halls)
 69483 | Vaults:4 | Received a gift from Okawaru
 69489 | Vaults:4 | Reached XP level 22. HP: 174/209 MP: 24/24
 70170 | D:13     | You paid a toll of 12 potions of heal wounds to enter a
                  | treasure trove
 70171 | Trove    | Entered a treasure trove
 70190 | Trove    | Got a glittering lapis lazuli ring
 70194 | Trove    | Got a translucent lead ring
 70196 | Trove    | Got an encrusted shield
 70198 | Trove    | Got a bound jade ring
 70209 | Trove    | Got a dazzling plate armour
 70221 | Trove    | Identified the +7 plate armour of Maseamo {Int+6} (You
                  | found it in a treasure trove)
 70244 | Trove    | Identified the +0 shield "Buunn" {rPois Regen+ Slay-4} (You
                  | found it in a treasure trove)
 70255 | Trove    | Identified the ring "Taocar" {rElec rC+ Str+2 Dex+4} (You
                  | found it in a treasure trove)
 70435 | Lair:1   | Identified the ring "Kunitup" {Int+4 SInv} (You found it in
                  | a treasure trove)
 70441 | Lair:1   | Identified the ring "Ucsaubb" {rPois rC+ Str-2 Slay+3
                  | Stlth+} (You found it in a treasure trove)
 71363 | Vaults:5 | Entered Level 5 of the Vaults
 71431 | Vaults:4 | Received a gift from Okawaru
 71615 | Vaults:4 | Received a gift from Okawaru
 71777 | Vaults:5 | Noticed a golden dragon
 72053 | Vaults:4 | Killed a golden dragon
 72604 | Vaults:5 | Received a gift from Okawaru
 72909 | Vaults:5 | Got a silver rune of Zot
 72975 | Vaults:5 | Found Inoich's General Store.
 73010 | Vaults:5 | Bought 2 scrolls of enchant armour for 300 gold pieces
 73010 | Vaults:5 | Bought a potion of cancellation for 160 gold pieces
 73180 | Vaults:5 | Got a sparkling silver ring
 73197 | Vaults:5 | Identified the ring "Cememyize" {+Fly Dex+3} (You found it
                  | on level 5 of the Vaults)
 74022 | Lair:1   | Reached skill level 1 in Throwing
 74022 | Lair:1   | Reached skill level 1 in Unarmed Combat
 74022 | Lair:1   | Reached XP level 23. HP: 220/220 MP: 25/25
 74023 | Lair:1   | Reached skill level 1 in Spellcasting
 74023 | Lair:1   | Reached XP level 24. HP: 228/228 MP: 25/25
 74257 | Vaults:5 | Reached XP level 25. HP: 180/236 MP: 25/25
 74345 | Vaults:5 | Received a gift from Okawaru
 74360 | Vaults:5 | Got an iridescent scimitar {god gift}
 74361 | Vaults:5 | Identified the +2 scimitar of Fate {pain, rPois rN+ SInv}
                  | (Okawaru gifted it to you on level 5 of the Vaults)
 74581 | Vaults:5 | Found the +8 whip "Snakebite" {curare, rPois}
 74596 | Vaults:5 | Got a smoking long sword
 74597 | Vaults:5 | Identified the +0 long sword "Laqioblas" {distort, rElec
                  | rF++ rN+ Int-4} (You found it on level 5 of the Vaults)
 76509 | Depths:1 | Entered Level 1 of the Depths
 76565 | Depths:1 | Found a gateway to Hell.
 77066 | Depths:1 | Received a gift from Okawaru
 77261 | Depths:1 | Found a gateway to a ziggurat.
 77618 | Depths:1 | Found Puhigun's Gadget Emporium.
 77629 | Depths:1 | Found Amuahib's Jewellery Shop.
 77630 | Depths:1 | Found Paaheh's Gadget Emporium.
 77678 | Depths:1 | Found the +8 Wrath of Trog {antimagic, *Rage}
 77968 | Depths:1 | Paralysed by a vampire knight for 7 turns
 77978 | D:15     | Received a gift from Okawaru
 78632 | Depths:2 | Received a gift from Okawaru
 80958 | Depths:2 | Found a runed door.
 80958 | Depths:2 | Found a shimmering altar of Xom.
 80958 | Depths:2 | Noticed Jerry's ghost (adept MfFi)
 80964 | Depths:2 | Reached XP level 26. HP: 230/251 MP: 25/25
 80977 | Depths:2 | Killed Jerry's ghost
 81466 | Depths:2 | Found a snail-covered altar of Cheibriados.
 81608 | Depths:2 | Found a one-way gate leading to the halls of Pandemonium.
 81922 | Depths:3 | Received a gift from Okawaru
 82026 | Depths:3 | Reached skill level 5 in Invocations
 82058 | Depths:3 | Noticed Xtahua
 82074 | Depths:3 | Killed Xtahua
 82995 | Depths:3 | Received a gift from Okawaru
 83598 | Depths:3 | Found a one-way gate to the infinite horrors of the Abyss.
 83992 | Depths:4 | Reached skill level 10 in Dodging
 84724 | Depths:4 | Received a gift from Okawaru
 84779 | Depths:4 | Noticed a juggernaut
 84793 | Depths:4 | Killed a juggernaut
 85227 | Depths:5 | Entered Level 5 of the Depths
 85264 | Depths:5 | Received a gift from Okawaru
 85804 | Depths:5 | Reached XP level 27. HP: 262/266 MP: 25/25
 85878 | Depths:5 | Noticed a juggernaut
 85890 | Depths:5 | Killed a juggernaut
 86330 | Depths:5 | Found a gate to the Realm of Zot.
 88308 | Crypt:1  | Entered Level 1 of the Crypt
 88560 | Crypt:1  | Received a gift from Okawaru
 90056 | Crypt:3  | Entered Level 3 of the Crypt
 90295 | Crypt:3  | Found a staircase to the Tomb.
 90748 | Crypt:3  | Noticed Margery
 90753 | Crypt:3  | Killed Margery
 91166 | Crypt:3  | Found a basalt altar of Yredelemnul.
 93561 | Zot:1    | Entered Level 1 of the Realm of Zot
 93574 | Zot:1    | Got a bound tin ring
 93575 | Zot:1    | Identified the ring "Umihono" {rF- rC+ Dex+2 Stlth+} (You
                  | acquired it on level 1 of the Realm of Zot)
 93702 | Zot:1    | Received a gift from Okawaru
 93879 | Zot:1    | Identified the Collected Works on Orientation and Earth
 94188 | Zot:1    | Received a gift from Okawaru
 94190 | Zot:1    | Reached skill level 27 in Fighting
 94204 | Zot:1    | Got a translucent hat {god gift}
 94205 | Zot:1    | Identified the +1 hat of the Black Moon {+Fly rElec rF-}
                  | (Okawaru gifted it to you on level 1 of the Realm of Zot)
 95020 | Zot:2    | Reached skill level 27 in Long Blades
 95165 | Zot:2    | Found a transporter.
 95165 | Zot:2    | Noticed an orb of fire
 95194 | Zot:2    | Found a transporter.
 96231 | Zot:2    | Killed an orb of fire
 96279 | Zot:2    | Identified the Almanac of the Hurtful Blaze
 97240 | Zot:3    | Received a gift from Okawaru
 97625 | Zot:3    | HP: 6/273 [storm dragon (14)]
 98653 | Zot:4    | HP: 8/273 [??? (6)]
 99314 | Zot:4    | Reached skill level 27 in Armour
 99319 | Zot:4    | Received a gift from Okawaru
 99874 | Zot:4    | Reached skill level 5 in Evocations
100184 | Zot:5    | Entered Level 5 of the Realm of Zot
100184 | Zot:5    | Noticed an orb of fire
100194 | Zot:5    | Gained mutation: You tend to lose your temper in combat.
                  | [an orb of fire]
100195 | Zot:5    | Killed an orb of fire
100217 | Zot:4    | Reached skill level 10 in Invocations
100661 | Zot:5    | Received a gift from Okawaru
101296 | Zot:5    | Noticed an ancient lich
101299 | Zot:5    | Noticed an orb of fire
101303 | Zot:5    | Noticed an orb of fire
101317 | Zot:5    | Killed from afar by an orb of fire

Skill      XL: |  1  2  3  4  5  6  7  8  9 10 11 12 13 14 15 16 17 18 19 20 21 22 23 24 25 26 27 |
---------------+----------------------------------------------------------------------------------+-----
Fighting       | 4 5 6 7 8 9 10 12 13 14 15 16 17 18 19 21 23 25 27 | 27.0
Armour         | 4 5 6 7 8 9 10 11 12 13 14 15 16 17 19 20 21 27 | 27.0
Long Blades    | 3 4 6 8 10 11 13 14 15 16 17 18 19 20 21 22 23 24 27 | 27.0
Shields        | 4 5 6 7 8 10 12 14 16 17 19 20 22 23 25 26 27 | 27.0
Dodging        | 1 2 3 4 5 6 7 8 9 10 | 10.7
Stealth        | 1 2 3 4 5 6 |  6.9
Invocations    | 2 3 4 5 11 | 11.6
Evocations     | 2 3 4 5 |  5.8
Short Blades   | 1 2 3 |  3.3
Throwing       | 1 |  1.7
Unarmed Combat | 1 2 |  2.0
Spellcasting   | 1 |  1.1

Action                   |  1- 3 |  4- 6 |  7- 9 | 10-12 | 13-15 | 16-18 | 19-21 | 22-24 | 25-27 || total
-------------------------+-------+-------+-------+-------+-------+-------+-------+-------+-------++-------
Melee: Long sword        |    92 |    87 |   156 |   789 |  1771 |  2337 |   402 |       |       ||  5634
       Headbutt          |    11 |    18 |    58 |   185 |   514 |   641 |   814 |   186 |   965 ||  3392
       Scimitar          |       |     8 |   122 |       |       |       |       |       |       ||   130
       Dagger            |       |       |       |       |    56 |       |       |       |       ||    56
       Falchion          |       |       |       |       |       |       |  2032 |    37 |       ||  2069
       Double sword      |       |       |       |       |       |       |       |   401 |  2309 ||  2710
Invok: Heroism           |       |       |     8 |     9 |     7 |    15 |     7 |       |     2 ||    48
       Finesse           |       |       |       |       |       |     1 |       |       |     2 ||     3
Evoke: Wand              |       |       |     3 |    20 |     2 |       |    10 |       |     5 ||    40
  Use: Scroll            |       |     8 |     7 |    17 |    11 |    18 |    15 |    16 |    35 ||   127
       Potion            |       |     1 |     7 |     1 |     2 |     6 |     2 |     2 |     7 ||    28
 Stab: Sleeping          |       |       |       |       |       |     9 |    31 |       |       ||    40
       Distracted        |       |       |       |       |       |     4 |     3 |       |     3 ||    10
  Eat: Chunk             |     2 |     9 |     6 |    25 |    30 |    65 |    44 |     8 |    52 ||   241
       Ration            |       |       |       |     2 |     6 |     2 |     4 |     2 |    10 ||    26
Armor: Chain mail        |    53 |    49 |    72 |    24 |       |       |       |       |       ||   198
       Scale mail        |     5 |       |       |       |       |       |       |       |       ||     5
       Plate armour      |       |       |     6 |   220 |   667 |   198 |   216 |   202 |   792 ||  2301
       Acid dragon scale |       |       |       |       |     9 |       |       |       |       ||     9
       Shadow dragon sca |       |       |       |       |       |   856 |   342 |       |       ||  1198
       Gold dragon scale |       |       |       |       |       |       |       |       |   649 ||   649
Dodge: Dodged            |    16 |    17 |   109 |   115 |   312 |   721 |   459 |   190 |  1382 ||  3321
Block: Shield            |    48 |    57 |   160 |     8 |  1177 |  2125 |  1105 |       |       ||  4680
       Large shield      |       |       |       |   595 |   370 |       |  1046 |       |       ||  2011
       Reflection        |       |       |       |    17 |    53 |    34 |   189 |    35 |   145 ||   473
       Buckler           |       |       |       |       |       |       |    75 |   325 |  2060 ||  2460
       Rpst.: Long sword |     4 |     3 |    16 |    31 |    66 |   108 |    29 |       |       ||   257
       Scimitar          |       |     1 |    20 |       |       |       |       |       |       ||    21
       Falchion          |       |       |       |       |       |       |    64 |       |       ||    64
       Double sword      |       |       |       |       |       |       |       |    37 |   220 ||   257
